 Dungeon Crawl Stone Soup version 0.21.0-3-g78d12a8 (webtiles) character file.

494 Ignatius881 the Conjurer (level 7, -1/50 HPs)
             Began as a Gnoll Conjurer on Jan 10, 2018.
             Was a Follower of Sif Muna.
             Slain by a slave (7 damage)
             ... led by Pikel
             ... on level 4 of the Dungeon.
             The game lasted 00:12:37 (3867 turns).

Ignatius881 the Conjurer (Gnoll Conjurer)           Turns: 3867, Time: 00:12:39

Health: -1/50      AC:  2    Str: 10    XL:     7   Next: 15%
Magic:  11/15      EV: 15    Int: 24    God:    Sif Muna [*.....]
Gold:   132        SH:  0    Dex: 15    Spells: 6/17 levels left

rFire    . . .     SeeInvis .   n - +1 dire flail (holy)
rCold    . . .     Gourm    .   (shield currently unavailable)
rNeg     . . .     Faith    .   a - +0 robe
rPois    .         Spirit   .   (no helmet)
rElec    .         Reflect  .   (no cloak)
rCorr    .         Harm     .   (no gloves)
MR       .....                  (no boots)
Stlth    +++.......             (no amulet)
HPRegen  0.16/turn              f - +4 ring of intelligence
MPRegen  0.14/turn              (no ring)

@: no status effects
A: distributed training, fangs 1, strong nose
a: Divine Energy, Renounce Religion


You were on level 4 of the Dungeon.
You worshipped Sif Muna.
Sif Muna was aware of your devotion.
You were hungry.

You visited 1 branch of the dungeon, and saw 4 of its levels.

You collected 132 gold pieces.

Inventory:

Hand Weapons
 h - a +0 club
   (You took it off a goblin on level 1 of the Dungeon)
 n - a +1 dire flail of holy wrath (weapon)
   (You took it off Edmund on level 4 of the Dungeon)
 v - a +0 mace
   (You took it off an orc on level 3 of the Dungeon)
 w - a +0 trident
   (You took it off an orc on level 3 of the Dungeon)
Missiles
 r - 2 throwing nets (quivered) {!f}
Armour
 a - a +0 robe (worn)
 s - a +2 hat
   (You found it on level 3 of the Dungeon)
Jewellery
 f - a +4 ring of intelligence (left hand)
   (You found it on level 1 of the Dungeon)
Scrolls
 b - 2 scrolls of fear
 d - 4 scrolls of magic mapping
 i - a scroll of remove curse {unknown}
 j - a scroll of blinking
 m - 2 scrolls of amnesia {unknown}
 p - 4 scrolls of teleportation {@r4}
 q - 2 scrolls of enchant weapon {unknown}
 x - a scroll of identify {@r1}
Potions
 g - a potion of agility {unknown}
 k - 5 potions of curing {unknown}
 l - a potion of brilliance {unknown}
 o - a potion of heal wounds {unknown}
 t - a potion of lignification {unknown}
 u - a potion of might {unknown}
Books
 e - a book of Conjurations
Comestibles
 c - 8 rations
 z - 4 chunks of flesh


   Skills:
 + Level 2.2 Fighting
 + Level 2.2 Short Blades
 + Level 2.2 Long Blades
 + Level 2.2 Axes
 + Level 2.2 Maces & Flails
 + Level 2.2 Polearms
 + Level 2.2 Staves
 + Level 2.2 Slings
 + Level 2.2 Bows
 + Level 2.2 Crossbows
 + Level 2.2 Throwing
 + Level 2.2 Armour
 + Level 5.1 Dodging
 + Level 4.8 Stealth
 + Level 2.2 Shields
 + Level 2.2 Unarmed Combat
 + Level 5.5 Spellcasting
 + Level 7.3 Conjurations
 + Level 1.8 Hexes
 + Level 1.8 Charms
 + Level 1.8 Summonings
 + Level 1.8 Necromancy
 + Level 1.8 Translocations
 + Level 1.8 Transmutations
 + Level 1.8 Fire Magic
 + Level 1.8 Ice Magic
 + Level 1.8 Air Magic
 + Level 1.8 Earth Magic
 + Level 1.8 Poison Magic
 + Level 2.5 Invocations
 + Level 2.2 Evocations


You had 6 spell levels left.
You knew the following spells:

 Your Spells              Type           Power        Failure   Level  Hunger
a - Magic Dart            Conj           ####         1%          1    None
b - Searing Ray           Conj           #####.       1%          2    None
c - Iskenderun's Mystic   Conj           #####...     4%          4    ###....
d - Fulminant Prism       Conj/Hex       ####......   12%         4    ###....


Dungeon Overview and Level Annotations

Branches:
Dungeon (4/15)
 Temple: D:4-7

Altars:
Cheibriados
Elyvilon
Gozag
Nemelex Xobeh
Sif Muna
The Shining One

Annotations:
D:4 Pikel


Innate Abilities, Weirdness & Mutations

Your experience applies equally to all skills.
You have very sharp teeth.
Your uncanny sense of smell can sniff out nearby items.


Message History

You start resting.
Found 15 stones.
You now have 132 gold pieces (gained 13).
Found 19 stones.
You open the door.
There is an open door here.
Found a short sword.
Found a scroll of identify. 2 slaves come into view.
Found a dagger.
As you read the scroll of magic mapping, it crumbles to dust.
You feel aware of your surroundings.
A slave and Pikel come into view.
Pikel is wielding a whip of flaming.
The orb of energy hits the slave.
The slave shouts!
The orb of energy explodes!
The mystic blast hits Pikel.
The mystic blast hits the slave.
The slave shouts!
Aim: Pikel, wielding a whip of flaming and wearing a robe (lightly wounded)
The magic dart hits Pikel.
The slave shouts!
You are feeling hungry.
A slave comes into view.
An ogre comes into view. It is wielding a giant spiked club.
The slave misses you.
Pikel says, "I just want to get paid!"
The slave hits you. Pikel closely misses you. The slave barely misses you.
The slave hits you.
Found a dagger.
The ogre shouts!
You puncture Pikel! You bite Pikel, but do no damage.
The slave barely misses you. Pikel misses you. The slave hits you!
The slave barely misses you.
You closely miss Pikel. The slave barely misses you.
Pikel completely misses you. The slave barely misses you.
The slave closely misses you. The slave hits you!
You hit Pikel. Pikel hits you with a whip of flaming!
* * * LOW HITPOINT WARNING * * *
Pikel burns you.
* * * LOW HITPOINT WARNING * * *
The slave hits you.
* * * LOW HITPOINT WARNING * * *
The slave closely misses you. The slave misses you.
Pikel hits you with a whip of flaming.
* * * LOW HITPOINT WARNING * * *
Pikel burns you.
* * * LOW HITPOINT WARNING * * *
The slave hits you!
You die...

###.##**,***,,,******,*,,,**,*,*,
,.)...,,,* *,,,* *,*,,,**,*,*,
......,..******* *,*,,,**,*,**
......,,..* ######+#.,,**,*,,,
......,,#)* #...)....,,**,****
,.....,,#.######.......),,**,,,,,
,,....,,#.......O.......,,*******
,,,...,,*#......pp......,,*
,,,,..,,*#......@Kp....#***
*****#***##....p#####.## #######
#.##### *,* ......# #..# *,*
#####.# ##.## *,* ....#.######..#
*,* ###.#.#.......## ***,*****
..#.#.#........# *,,,∆,,,*
#.#.#.#......#.#* *,,,,,,,*


You could see Pikel, an ogre and 4 slaves.

Vanquished Creatures
  Edmund (D:4)
  An eye of draining (D:3)
  A howler monkey (D:2)
  An orc priest (D:3)
  A worker ant (D:4)
  4 gnolls (D:3)
  6 adders
  An ooze (D:2)
  2 worms
  4 dart slugs
  3 leopard geckos
  9 orcs
  2 ball pythons
  4 bats
  4 giant cockroaches
  5 goblins
  7 hobgoblins
  4 jackals
  5 kobolds
  A quokka (D:3)
  5 frilled lizards
  12 rats
83 creatures vanquished.

Notes
Turn   | Place    | Note
-------+----------+-------------------------------------------
     0 | D:1      | Ignatius881 the Gnoll Conjurer began the quest for the Orb.
     0 | D:1      | Reached XP level 1. HP: 13/13 MP: 6/6
   247 | D:1      | Reached XP level 2. HP: 19/19 MP: 4/7
   279 | D:1      | Learned a level 2 spell: Searing Ray
   568 | D:1      | Reached XP level 3. HP: 25/25 MP: 7/9
   646 | D:1      | Reached skill level 5 in Spellcasting
  1090 | D:2      | Reached skill level 1 in Invocations
  1231 | D:2      | Reached skill level 1 in Fighting
  1231 | D:2      | Reached skill level 1 in Short Blades
  1231 | D:2      | Reached skill level 1 in Long Blades
  1231 | D:2      | Reached skill level 1 in Axes
  1231 | D:2      | Reached skill level 1 in Maces & Flails
  1231 | D:2      | Reached skill level 1 in Polearms
  1231 | D:2      | Reached skill level 1 in Staves
  1231 | D:2      | Reached skill level 1 in Slings
  1231 | D:2      | Reached skill level 1 in Bows
  1231 | D:2      | Reached skill level 1 in Crossbows
  1231 | D:2      | Reached skill level 1 in Throwing
  1231 | D:2      | Reached skill level 1 in Armour
  1231 | D:2      | Reached skill level 1 in Shields
  1231 | D:2      | Reached skill level 1 in Unarmed Combat
  1231 | D:2      | Reached skill level 1 in Evocations
  1231 | D:2      | Reached XP level 4. HP: 32/32 MP: 8/11
  1264 | D:2      | Learned a level 4 spell: Iskenderun's Mystic Blast
  1271 | D:2      | Learned a level 4 spell: Fulminant Prism
  1340 | D:2      | Found a sparkling altar of Nemelex Xobeh.
  1563 | D:2      | Found a deep blue altar of Sif Muna.
  1566 | D:2      | Became a worshipper of Sif Muna the Loreminder
  1602 | D:2      | Found a glowing golden altar of the Shining One.
  1700 | D:2      | Reached skill level 1 in Hexes
  1700 | D:2      | Reached skill level 1 in Charms
  1700 | D:2      | Reached skill level 1 in Summonings
  1700 | D:2      | Reached skill level 1 in Necromancy
  1700 | D:2      | Reached skill level 1 in Translocations
  1700 | D:2      | Reached skill level 1 in Transmutations
  1700 | D:2      | Reached skill level 1 in Fire Magic
  1700 | D:2      | Reached skill level 1 in Ice Magic
  1700 | D:2      | Reached skill level 1 in Air Magic
  1700 | D:2      | Reached skill level 1 in Earth Magic
  1700 | D:2      | Reached skill level 1 in Poison Magic
  1857 | D:3      | Reached XP level 5. HP: 37/37 MP: 8/12
  2465 | D:3      | Found a white marble altar of Elyvilon.
  2466 | D:3      | Noticed an eye of draining
  2471 | D:3      | Found a transporter.
  2490 | D:3      | Found a transporter.
  2552 | D:3      | Found an opulent altar of Gozag.
  3184 | D:3      | Reached XP level 6. HP: 31/44 MP: 2/13
  3201 | D:3      | Killed an eye of draining
  3201 | D:3      | Reached skill level 5 in Dodging
  3354 | D:4      | Found a snail-covered altar of Cheibriados.
  3357 | D:4      | Noticed Edmund
  3367 | D:4      | Killed Edmund
  3367 | D:4      | Reached * piety under Sif Muna
  3367 | D:4      | Reached XP level 7. HP: 38/50 MP: 3/15
  3859 | D:4      | Noticed Pikel
  3867 | D:4      | Slain by a slave

Skill      XL: |  1  2  3  4  5  6 |
---------------+-------------------+-----
Spellcasting   | 5 |  5.5
Invocations    | 1 2 |  2.5
Fighting       | 1 2 |  2.2
Short Blades   | 1 2 |  2.2
Long Blades    | 1 2 |  2.2
Axes           | 1 2 |  2.2
Maces & Flails | 1 2 |  2.2
Polearms       | 1 2 |  2.2
Staves         | 1 2 |  2.2
Slings         | 1 2 |  2.2
Bows           | 1 2 |  2.2
Crossbows      | 1 2 |  2.2
Throwing       | 1 2 |  2.2
Armour         | 1 2 |  2.2
Shields        | 1 2 |  2.2
Unarmed Combat | 1 2 |  2.2
Evocations     | 1 2 |  2.2
Hexes          | 1 |  1.8
Charms         | 1 |  1.8
Summonings     | 1 |  1.8
Necromancy     | 1 |  1.8
Translocations | 1 |  1.8
Transmutations | 1 |  1.8
Fire Magic     | 1 |  1.8
Ice Magic      | 1 |  1.8
Air Magic      | 1 |  1.8
Earth Magic    | 1 |  1.8
Poison Magic   | 1 |  1.8
Dodging        | 5 |  5.1
Stealth        | |  4.8
Conjurations   | |  7.3

Action                   |  1- 3 |  4- 6 |  7- 9 || total
-------------------------+-------+-------+-------++-------
Melee: Club              |     3 |    10 |       ||    13
       Trident           |       |    15 |       ||    15
       Bite              |       |     2 |     1 ||     3
       Punch             |       |     1 |       ||     1
       Dire flail        |       |       |     3 ||     3
 Cast: Magic Dart        |    71 |    77 |    29 ||   177
       Searing Ray       |       |     3 |     2 ||     5
       Iskenderun's Myst |       |       |     1 ||     1
  Use: Scroll            |       |     5 |     1 ||     6
  Eat: Chunk             |     1 |     2 |     2 ||     5
       Ration            |       |     1 |       ||     1
Armor: Robe              |       |     1 |     1 ||     2
Dodge: Dodged            |    10 |    23 |    15 ||    48
